[Event "23rd ETCC Open 2021"]
[Site "Catez"]
[Date "2021.11.16"]
[Round "5.49"]
[White "Moroni, Luca Jr"]
[Black "Agopov, Mikael"]
[Result "1-0"]
[ECO "B44"]
[WhiteElo "2580"]
[BlackElo "2430"]
[Annotator "ChessBase"]
[PlyCount "103"]
[EventDate "2021.11.08"]
[EventType "team-tourn"]
[EventCountry "SLO"]
[SourceTitle "playchess.com"]
[Source "ChessBase"]
[SourceQuality "1"]
[WhiteTeam "Italy"]
[BlackTeam "Finland"]
[WhiteTeamCountry "ITA"]
[BlackTeamCountry "FIN"]
[TimeControl "40/5400+30:1800+30"]

1. c4 c5 2. Nf3 Nc6 3. d4 cxd4 4. Nxd4 Nf6 5. Nc3 e6 6. e4 Bb4 7. Nxc6 bxc6 8.
Bd3 e5 9. O-O O-O 10. h3 Re8 11. Qc2 Bc5 12. Re1 d6 13. Be3 Bd4 14. Bxd4 exd4
15. Ne2 c5 16. Ng3 Bb7 17. f4 Qc7 18. Qf2 Re6 19. Re2 Rae8 20. Rae1 Bc6 21. b4
cxb4 22. Qxd4 Nd7 23. Nf5 f6 24. c5 dxc5 25. Qf2 Kf8 26. e5 Bd5 27. Qh4 fxe5
28. Nxg7 c4 29. Nxe6+ Rxe6 30. Bf5 e4 31. Bxe6 Qb6+ 32. Kh2 Qxe6 33. Qxh7 Nc5
34. Qc7 Nd3 35. Qb8+ Ke7 36. Qxa7+ Kd6 37. Rb1 Bc6 38. Qb8+ Kc5 39. Reb2 Nxb2
40. Rxb2 b3 41. axb3 c3 42. Qa7+ Kb5 43. Ra2 Qxb3 44. Ra5+ Kc4 45. Qc5+ Kd3 46.
Qxc6 e3 47. Rd5+ Ke2 48. Rb5 Qa4 49. Qf3+ Kd3 50. Rd5+ Kc4 51. Qe4+ Kb3 52.
Qxe3 1-0

[Event "23rd ETCC Open 2021"]
[Site "Catez"]
[Date "2021.11.16"]
[Round "5.50"]
[White "Koykka, Pekka"]
[Black "Valsecchi, Alessio"]
[Result "1-0"]
[ECO "B47"]
[WhiteElo "2353"]
[BlackElo "2527"]
[Annotator "ChessBase"]
[PlyCount "81"]
[EventDate "2021.11.08"]
[EventType "team-tourn"]
[EventCountry "SLO"]
[SourceTitle "playchess.com"]
[Source "ChessBase"]
[SourceQuality "1"]
[WhiteTeam "Finland"]
[BlackTeam "Italy"]
[WhiteTeamCountry "FIN"]
[BlackTeamCountry "ITA"]
[TimeControl "40/5400+30:1800+30"]

1. e4 c5 2. Nf3 e6 3. d4 cxd4 4. Nxd4 Nc6 5. Nc3 Qc7 6. Qd3 a6 7. Nxc6 Qxc6 8.
Qg3 b5 9. a3 Ne7 10. Bd3 Ng6 11. f4 b4 12. axb4 Bxb4 13. Bd2 O-O 14. O-O f6 15.
Kh1 Bb7 16. Qf2 a5 17. Qe2 Kh8 18. Rf3 f5 19. Rh3 Rf6 20. Bb5 Qb6 21. e5 Bxc3
22. bxc3 Nxe5 23. fxe5 Rg6 24. Rg3 Rxg3 25. hxg3 Qc7 26. Ra4 Be4 27. Rxe4 fxe4
28. Qxe4 Rf8 29. Bd3 g6 30. Bh6 Kg8 31. Bxf8 Kxf8 32. Qf4+ Kg8 33. Qd4 Qb7 34.
Kh2 Kf7 35. Qf4+ Kg8 36. Qc4 Qb8 37. Qb5 Qc7 38. c4 Qd8 39. c5 Qc7 40. Qb6 Qxe5
41. Qd8+ 1-0

[Event "23rd ETCC Open 2021"]
[Site "Catez"]
[Date "2021.11.16"]
[Round "5.52"]
[White "Ronka, Erik"]
[Black "Lodici, Lorenzo"]
[Result "1/2-1/2"]
[ECO "B17"]
[WhiteElo "2321"]
[BlackElo "2529"]
[Annotator "ChessBase"]
[PlyCount "46"]
[EventDate "2021.11.08"]
[EventType "team-tourn"]
[EventCountry "SLO"]
[SourceTitle "playchess.com"]
[Source "ChessBase"]
[SourceQuality "1"]
[WhiteTeam "Finland"]
[BlackTeam "Italy"]
[WhiteTeamCountry "FIN"]
[BlackTeamCountry "ITA"]
[TimeControl "40/5400+30:1800+30"]

1. e4 c6 2. d4 d5 3. Nd2 dxe4 4. Nxe4 Nd7 5. Ng5 Ngf6 6. Bd3 e6 7. N1f3 Bd6 8.
Qe2 h6 9. Ne4 Nxe4 10. Qxe4 Qc7 11. O-O b6 12. Qg4 g5 13. Qh3 Rg8 14. Re1 g4
15. Qxh6 gxf3 16. Rxe6+ fxe6 17. Qxe6+ Be7 18. Qxg8+ Nf8 19. Bg6+ Kd7 20. Bf5+
Ke8 21. Bg6+ Kd7 22. Bf5+ Ke8 23. Bg6+ Kd7 1/2-1/2

[Event "23rd ETCC Open 2021"]
[Site "Catez"]
[Date "2021.11.16"]
[Round "5.54"]
[White "Kazakouski, Valery"]
[Black "Dragnev, Valentin"]
[Result "1-0"]
[ECO "D71"]
[WhiteElo "2490"]
[BlackElo "2548"]
[Annotator "ChessBase"]
[PlyCount "51"]
[EventDate "2021.11.08"]
[EventType "team-tourn"]
[EventCountry "SLO"]
[SourceTitle "playchess.com"]
[Source "ChessBase"]
[SourceQuality "1"]
[WhiteTeam "Lithuania"]
[BlackTeam "Austria"]
[WhiteTeamCountry "LTU"]
[BlackTeamCountry "AUT"]
[TimeControl "40/5400+30:1800+30"]

1. d4 Nf6 2. c4 g6 3. g3 c6 4. Bg2 d5 5. Qa4 Bg7 6. cxd5 Nxd5 7. Nf3 Nb6 8. Qa3
Bxd4 9. Nxd4 Qxd4 10. Be3 Qd6 11. Bc5 Qc7 12. Nd2 Na6 13. Be3 Be6 14. O-O f6
15. Bf4 Qc8 16. e4 Bh3 17. e5 Bxg2 18. exf6 Nd5 19. Rfe1 c5 20. Rxe7+ Nxe7 21.
Re1 Bd5 22. Rxe7+ Kd8 23. Ne4 Rb8 24. Qa5+ b6 25. Qd2 Qf5 26. Re5 1-0

[Event "23rd ETCC Open 2021"]
[Site "Catez"]
[Date "2021.11.16"]
[Round "5.56"]
[White "Brazdzionis, Andrius"]
[Black "Horvath, Dominik"]
[Result "1/2-1/2"]
[ECO "D43"]
[WhiteElo "2356"]
[BlackElo "2469"]
[Annotator "ChessBase"]
[PlyCount "59"]
[EventDate "2021.11.08"]
[EventType "team-tourn"]
[EventCountry "SLO"]
[SourceTitle "playchess.com"]
[Source "ChessBase"]
[SourceQuality "1"]
[WhiteTeam "Lithuania"]
[BlackTeam "Austria"]
[WhiteTeamCountry "LTU"]
[BlackTeamCountry "AUT"]
[TimeControl "40/5400+30:1800+30"]

1. d4 d5 2. c4 c6 3. Nf3 Nf6 4. Nc3 e6 5. Bg5 h6 6. Bh4 dxc4 7. e4 g5 8. Bg3 b5
9. Be2 Nbd7 10. Ne5 Bb7 11. O-O Nxe5 12. Bxe5 Rh7 13. a4 b4 14. Bxf6 Qxf6 15.
e5 Qg6 16. Bxc4 bxc3 17. Bd3 Qg7 18. bxc3 Rh8 19. Qb3 Bc8 20. Be4 Bd7 21. Qb7
Rc8 22. Qxa7 f5 23. exf6 Qxf6 24. Rab1 Qf4 25. Rfe1 Bd6 26. g3 Qd2 27. Red1 Qe2
28. Re1 Qd2 29. Red1 Qe2 30. Re1 1/2-1/2

[Event "23rd ETCC Open 2021"]
[Site "Catez"]
[Date "2021.11.16"]
[Round "5.59"]
[White "Ashiku, Franc"]
[Black "Kurmann, Oliver"]
[Result "0-1"]
[ECO "D21"]
[WhiteElo "2419"]
[BlackElo "2458"]
[Annotator "ChessBase"]
[PlyCount "122"]
[EventDate "2021.11.08"]
[EventType "team-tourn"]
[EventCountry "SLO"]
[SourceTitle "playchess.com"]
[Source "ChessBase"]
[SourceQuality "1"]
[WhiteTeam "Albania"]
[BlackTeam "Switzerland"]
[WhiteTeamCountry "ALB"]
[BlackTeamCountry "SUI"]
[TimeControl "40/5400+30:1800+30"]

1. d4 d5 2. c4 dxc4 3. Nf3 c5 4. e3 cxd4 5. Bxc4 Qc7 6. Bb3 dxe3 7. Bxe3 e6 8.
O-O Nf6 9. Nc3 Nc6 10. Nb5 Qa5 11. Nfd4 Bd7 12. Bf4 Rc8 13. Rc1 a6 14. Nd6+
Bxd6 15. Bxd6 Ne4 16. Ba3 Qd2 17. Bxe6 fxe6 18. Qh5+ g6 19. Qh4 Qg5 20. Qxe4
Qd5 21. Qxd5 exd5 22. Ne2 Kf7 23. Rfd1 Be6 24. Bc5 Rhd8 25. Nf4 d4 26. Bb6 Rd6
27. Nxe6 Kxe6 28. Kf1 Kd7 29. Rd2 d3 30. b3 Nb4 31. Rxc8 Kxc8 32. Ba5 Nc2 33.
g3 Kd7 34. Rd1 b5 35. Bd2 Kc6 36. Kg2 Kc5 37. Kf3 Kd4 38. Rc1 Rf6+ 39. Kg2 Re6
40. Kf3 b4 41. h4 Rf6+ 42. Kg2 h5 43. Kf1 a5 44. Rb1 Re6 45. Rc1 a4 46. bxa4
Ra6 47. Rb1 Rxa4 48. Rb2 Kc4 49. Kg2 Nd4 50. g4 Ne2 51. gxh5 gxh5 52. f4 Nc3
53. f5 Ra5 54. f6 Rf5 55. Bxc3 bxc3 56. Rf2 Rxf6 57. Rxf6 d2 58. Rd6 c2 59.
Rxd2 c1=Q 60. Rf2 Qe3 61. Rf3 Qe4 0-1

[Event "23rd ETCC Open 2021"]
[Site "Catez"]
[Date "2021.11.16"]
[Round "5.60"]
[White "Baenziger, Fabian"]
[Black "Seitaj, Ilir"]
[Result "1-0"]
[ECO "D61"]
[WhiteElo "2403"]
[BlackElo "2351"]
[Annotator "ChessBase"]
[PlyCount "151"]
[EventDate "2021.11.08"]
[EventType "team-tourn"]
[EventCountry "SLO"]
[SourceTitle "playchess.com"]
[Source "ChessBase"]
[SourceQuality "1"]
[WhiteTeam "Switzerland"]
[BlackTeam "Albania"]
[WhiteTeamCountry "SUI"]
[BlackTeamCountry "ALB"]
[TimeControl "40/5400+30:1800+30"]

1. d4 d5 2. c4 e6 3. Nc3 Nf6 4. Bg5 Be7 5. e3 O-O 6. Nf3 Nbd7 7. Qc2 h6 8. Bh4
c6 9. a3 Re8 10. Rd1 a6 11. Be2 dxc4 12. Bxc4 Nd5 13. Bxe7 Qxe7 14. O-O Nxc3
15. Qxc3 c5 16. dxc5 Qxc5 17. Rc1 Nf6 18. Rfd1 b5 19. Bb3 Qxc3 20. Rxc3 Bb7 21.
Rc7 Bd5 22. Bxd5 Nxd5 23. Rb7 Reb8 24. Rxb8+ Rxb8 25. Rc1 Nb6 26. Kf1 Nc4 27.
Rc2 Rd8 28. Ke2 Kf8 29. a4 Nd6 30. axb5 Nxb5 31. Rc6 Rd6 32. Ne5 Rd5 33. Nc4 a5
34. Nxa5 Nd4+ 35. exd4 Rxa5 36. Kd3 Rf5 37. Rc2 Ke7 38. b4 Kd6 39. f3 Rb5 40.
Kc4 Rb8 41. Kb3 g5 42. Rc5 f5 43. Kc4 Ra8 44. Ra5 Rc8+ 45. Rc5 Ra8 46. d5 exd5+
47. Rxd5+ Ke6 48. b5 Ra4+ 49. Kb3 Ra5 50. Kc4 Ra4+ 51. Kc5 Ra2 52. Rd6+ Ke5 53.
Rd5+ Ke6 54. Rd6+ Ke5 55. Rd4 Rxg2 56. b6 Rb2 57. Rb4 Rc2+ 58. Rc4 Rb2 59. Rb4
Rc2+ 60. Kb5 Kd6 61. Rd4+ Ke5 62. Rc4 Rb2+ 63. Rb4 Rd2 64. b7 Rd8 65. Kc6 Rg8
66. b8=Q+ Rxb8 67. Rxb8 Kf4 68. Rf8 Kxf3 69. Rxf5+ Kg2 70. Kd5 Kxh2 71. Ke4 Kg2
72. Rf6 g4 73. Rxh6 g3 74. Ke3 Kg1 75. Rg6 g2 76. Ke2 1-0

[Event "23rd ETCC Open 2021"]
[Site "Catez"]
[Date "2021.11.16"]
[Round "5.61"]
[White "Saraci, Nderim"]
[Black "Dardha, Daniel"]
[Result "1/2-1/2"]
[ECO "E52"]
[WhiteElo "2486"]
[BlackElo "2525"]
[Annotator "ChessBase"]
[PlyCount "67"]
[EventDate "2021.11.08"]
[EventType "team-tourn"]
[EventCountry "SLO"]
[SourceTitle "playchess.com"]
[Source "ChessBase"]
[SourceQuality "1"]
[WhiteTeam "Kosovo"]
[BlackTeam "Belgium"]
[WhiteTeamCountry "KOS"]
[BlackTeamCountry "BEL"]
[TimeControl "40/5400+30:1800+30"]

1. c4 b6 2. Nc3 Bb7 3. d4 Nf6 4. Nf3 e6 5. e3 Bb4 6. Bd2 O-O 7. Bd3 d5 8. O-O
dxc4 9. Bxc4 Nbd7 10. Qe2 a6 11. a3 Bd6 12. e4 e5 13. dxe5 Nxe5 14. Nxe5 Bxe5
15. Rad1 Qe7 16. Rfe1 b5 17. Ba2 Rad8 18. Nd5 Bxd5 19. exd5 Rfe8 20. Be3 Bd6
21. g3 Qd7 22. Qf3 Ng4 23. Bd4 Ne5 24. Qc3 Qg4 25. Bxe5 Rxe5 26. Rxe5 Bxe5 27.
Qc2 Bxb2 28. h3 Qa4 29. Bb3 Qxa3 30. Rd3 Qa1+ 31. Rd1 Qa3 32. Rd3 Qa1+ 33. Rd1
Qa3 34. Rd3 1/2-1/2

[Event "23rd ETCC Open 2021"]
[Site "Catez"]
[Date "2021.11.16"]
[Round "5.62"]
[White "Docx, Stefan"]
[Black "Uruci, Endrit"]
[Result "0-1"]
[ECO "D94"]
[WhiteElo "2432"]
[BlackElo "2322"]
[Annotator "NA"]
[PlyCount "110"]
[EventDate "2021.11.08"]
[EventType "team-tourn"]
[EventCountry "SLO"]
[SourceTitle "playchess.com"]
[Source "ChessBase"]
[SourceQuality "1"]
[WhiteTeam "Belgium"]
[BlackTeam "Kosovo"]
[WhiteTeamCountry "BEL"]
[BlackTeamCountry "KOS"]
[TimeControl "40/5400+30:1800+30"]

1. d4 Nf6 2. c4 c6 3. Nc3 d5 4. e3 g6 5. Nf3 Bg7 6. Be2 O-O 7. O-O b6 8. b4
dxc4 9. Bxc4 Nd5 10. Qb3 Nxc3 11. Qxc3 Bb7 12. Bb2 c5 13. bxc5 Bxf3 14. gxf3
bxc5 15. Rfd1 cxd4 16. Qc2 e6 17. Bxd4 Qg5+ 18. Kh1 Bxd4 19. Rxd4 Nc6 20. Rg4
Qf6 21. Rd1 Qxf3+ 22. Rg2 Nb4 23. Qe2 Qxe2 24. Bxe2 Nxa2 25. Ra1 Nb4 26. Bf3
Nd5 27. Bxd5 exd5 28. Rg4 Rfd8 29. Rga4 Rd7 30. Kg2 Kf8 31. Kf3 Ke7 32. Ra6 Kd8
33. Kf4 Kc8 34. Ke5 Kb7 35. Kd4 h6 36. R1a2 Re7 37. Kxd5 Rd8+ 38. Rd6 Rxd6+ 39.
Kxd6 Re6+ 40. Kd5 Ra6 41. Rc2 Rb6 42. Ra2 g5 43. h3 Rb5+ 44. Kd6 Kb6 45. e4 a5
46. e5 Rb3 47. Ke7 Rf3 48. Rd2 a4 49. Rd6+ Kb5 50. Rxh6 a3 51. Rh8 a2 52. Ra8
Rxf2 53. e6 fxe6 54. Kxe6 Kc4 55. Ke5 Kb3 0-1

[Event "23rd ETCC Open 2021"]
[Site "Catez"]
[Date "2021.11.16"]
[Round "5.63"]
[White "Makolli, Perparim"]
[Black "Verstraeten, Rein"]
[Result "1/2-1/2"]
[ECO "B96"]
[WhiteElo "2245"]
[BlackElo "2386"]
[Annotator "NA"]
[PlyCount "50"]
[EventDate "2021.11.08"]
[EventType "team-tourn"]
[EventCountry "SLO"]
[SourceTitle "playchess.com"]
[Source "ChessBase"]
[SourceQuality "1"]
[WhiteTeam "Kosovo"]
[BlackTeam "Belgium"]
[WhiteTeamCountry "KOS"]
[BlackTeamCountry "BEL"]
[TimeControl "40/5400+30:1800+30"]

1. e4 c5 2. Nf3 d6 3. d4 Nf6 4. Nc3 cxd4 5. Nxd4 a6 6. Bg5 e6 7. f4 Nbd7 8. Qf3
Qc7 9. O-O-O b5 10. e5 Bb7 11. Qh3 dxe5 12. Nxe6 fxe6 13. Qxe6+ Be7 14. Bxb5
axb5 15. Nxb5 Qc6 16. Nd6+ Kd8 17. fxe5 Kc7 18. Bxf6 gxf6 19. Qxe7 Rxa2 20.
Nxb7 Ra1+ 21. Kd2 Qxg2+ 22. Ke3 Qg5+ 23. Ke2 Qg2+ 24. Ke3 Qg5+ 25. Ke2 Qg2+
1/2-1/2

[Event "23rd ETCC Open 2021"]
[Site "Catez"]
[Date "2021.11.16"]
[Round "5.64"]
[White "Hovhannisyan, Mher"]
[Black "Saraci, Korab"]
[Result "1-0"]
[ECO "D46"]
[WhiteElo "2419"]
[BlackElo "2149"]
[Annotator "NA"]
[PlyCount "47"]
[EventDate "2021.11.08"]
[EventType "team-tourn"]
[EventCountry "SLO"]
[SourceTitle "playchess.com"]
[Source "ChessBase"]
[SourceQuality "1"]
[WhiteTeam "Belgium"]
[BlackTeam "Kosovo"]
[WhiteTeamCountry "BEL"]
[BlackTeamCountry "KOS"]
[TimeControl "40/5400+30:1800+30"]

1. d4 Nf6 2. Nf3 d5 3. c4 e6 4. e3 Be7 5. Bd3 O-O 6. O-O Nbd7 7. Nc3 c6 8. b3
Re8 9. Bb2 b6 10. Qe2 Bd6 11. Rfd1 Qe7 12. e4 e5 13. cxd5 cxd5 14. Bb5 exd4 15.
Nxd4 Qe5 16. Nf3 Qh5 17. Nxd5 Rxe4 18. Nxf6+ Nxf6 19. Qd3 Bb7 20. Qxd6 Qxb5 21.
Bxf6 Re6 22. Qd8+ Re8 23. Qc7 Bxf3 24. Qg3 1-0

[Event "23rd ETCC Open 2021"]
[Site "Catez"]
[Date "2021.11.16"]
[Round "5.66"]
[White "Draskovic, Luka"]
[Black "Hillarp Persson, Tiger"]
[Result "1/2-1/2"]
[ECO "B90"]
[WhiteElo "2469"]
[BlackElo "2528"]
[Annotator "ChessBase"]
[PlyCount "80"]
[EventDate "2021.11.08"]
[EventType "team-tourn"]
[EventCountry "SLO"]
[SourceTitle "playchess.com"]
[Source "ChessBase"]
[SourceQuality "1"]
[WhiteTeam "Montenegro"]
[BlackTeam "Sweden"]
[WhiteTeamCountry "MNE"]
[BlackTeamCountry "SWE"]
[TimeControl "40/5400+30:1800+30"]

1. e4 c5 2. Nf3 d6 3. d4 cxd4 4. Nxd4 Nf6 5. Nc3 a6 6. Be3 e5 7. Nf3 Be7 8. Bc4
O-O 9. O-O Nc6 10. Bb3 Na5 11. Qe2 h6 12. Rfd1 Nxb3 13. axb3 Qe8 14. h3 Be6 15.
Nh2 Qc6 16. Qf3 Nh7 17. Qg3 Ng5 18. Bxg5 Bxg5 19. Qd3 Rad8 20. Nf3 Be7 21. Rac1
f5 22. exf5 Bxf5 23. Nd5 Qe8 24. Qe3 Rd7 25. Nxe7+ Qxe7 26. Rd2 Rc7 27. c3 Bxh3
28. Nxe5 dxe5 29. Qxh3 Qg5 30. Rcd1 Rcf7 31. Re2 Kh8 32. Qe3 Rf4 33. Rd5 Qg6
34. g3 e4 35. Rd4 Rf3 36. Qxe4 Qf7 37. Rdd2 Qxb3 38. Re3 R3f7 39. f4 Qb6 40.
Kg2 a5 1/2-1/2

[Event "23rd ETCC Open 2021"]
[Site "Catez"]
[Date "2021.11.16"]
[Round "5.68"]
[White "Nikcevic, Nebojsa"]
[Black "Johansson, Linus"]
[Result "0-1"]
[ECO "E16"]
[WhiteElo "2385"]
[BlackElo "2479"]
[Annotator "ChessBase"]
[PlyCount "60"]
[EventDate "2021.11.08"]
[EventType "team-tourn"]
[EventCountry "SLO"]
[SourceTitle "playchess.com"]
[Source "ChessBase"]
[SourceQuality "1"]
[WhiteTeam "Montenegro"]
[BlackTeam "Sweden"]
[WhiteTeamCountry "MNE"]
[BlackTeamCountry "SWE"]
[TimeControl "40/5400+30:1800+30"]

1. d4 Nf6 2. c4 e6 3. Nf3 b6 4. Nc3 Bb7 5. g3 Bb4 6. Bd2 O-O 7. Bg2 a5 8. O-O
d6 9. Bg5 Bxc3 10. bxc3 Nbd7 11. Ne1 Qc8 12. Qd3 Re8 13. e4 e5 14. f3 h6 15.
Bxf6 Nxf6 16. Nc2 Qd7 17. Ne3 Qa4 18. Rf2 Rad8 19. Re1 Ba6 20. f4 exd4 21. cxd4
b5 22. d5 bxc4 23. Qd4 Qb4 24. Nc2 Qb6 25. Rd2 Rb8 26. Qxb6 Rxb6 27. Re3 Rb2
28. Ra3 Rb1+ 29. Kf2 Nxe4+ 30. Bxe4 Rxe4 0-1

[Event "23rd ETCC Open 2021"]
[Site "Catez"]
[Date "2021.11.16"]
[Round "5.69"]
[White "Gretarsson, Hjorvar Steinn"]
[Black "Toczek, Grzegorz"]
[Result "1-0"]
[ECO "A67"]
[WhiteElo "2574"]
[BlackElo "2296"]
[Annotator "ChessBase"]
[PlyCount "85"]
[EventDate "2021.11.08"]
[EventType "team-tourn"]
[EventCountry "SLO"]
[SourceTitle "playchess.com"]
[Source "ChessBase"]
[SourceQuality "1"]
[WhiteTeam "Iceland"]
[BlackTeam "Wales"]
[WhiteTeamCountry "ISL"]
[BlackTeamCountry "WLS"]
[TimeControl "40/5400+30:1800+30"]

1. d4 Nf6 2. c4 c5 3. d5 e6 4. Nc3 exd5 5. cxd5 d6 6. e4 g6 7. f4 Bg7 8. Bb5+
Nfd7 9. a4 Qh4+ 10. g3 Qd8 11. Nf3 O-O 12. O-O Nf6 13. Kg2 a6 14. Bc4 Bg4 15.
h3 Bxf3+ 16. Qxf3 Nbd7 17. Bd2 Ne8 18. h4 h5 19. Rae1 Rb8 20. Qd3 Qc7 21. Rf3
Rd8 22. Nd1 Rb8 23. Bc3 Bxc3 24. Nxc3 Nb6 25. e5 Nxc4 26. Qxc4 b5 27. axb5 axb5
28. Qd3 c4 29. Qd2 Rb6 30. Ne4 dxe5 31. d6 Rxd6 32. Nxd6 Qxd6 33. Qxd6 Nxd6 34.
Rxe5 Rb8 35. Rc5 b4 36. Rc6 c3 37. Rxd6 c2 38. Rc6 b3 39. Rfc3 Kg7 40. Kf2 Rb7
41. Ke2 Re7+ 42. Kd2 Rd7+ 43. Rd3 1-0

[Event "23rd ETCC Open 2021"]
[Site "Catez"]
[Date "2021.11.16"]
[Round "5.70"]
[White "Garcia, Jason"]
[Black "Stefansson, Hannes"]
[Result "0-1"]
[ECO "A12"]
[WhiteElo "2028"]
[BlackElo "2519"]
[Annotator "ChessBase"]
[PlyCount "78"]
[EventDate "2021.11.08"]
[EventType "team-tourn"]
[EventCountry "SLO"]
[SourceTitle "playchess.com"]
[Source "ChessBase"]
[SourceQuality "1"]
[WhiteTeam "Wales"]
[BlackTeam "Iceland"]
[WhiteTeamCountry "WLS"]
[BlackTeamCountry "ISL"]
[TimeControl "40/5400+30:1800+30"]

1. Nf3 d5 2. g3 c6 3. Bg2 Nf6 4. O-O Bf5 5. b3 e6 6. c4 Be7 7. Bb2 O-O 8. d3 h6
9. Nbd2 Bh7 10. a3 a5 11. Qb1 c5 12. cxd5 exd5 13. Ne5 Re8 14. Qc2 Bd6 15. Ndf3
Na6 16. Rfe1 Qc7 17. Qd2 b5 18. d4 Ne4 19. Qc1 f6 20. Ng4 c4 21. bxc4 dxc4 22.
Nd2 Rac8 23. Nxe4 Bxe4 24. Bxe4 Rxe4 25. f3 Rxg4 26. fxg4 c3 27. Rb1 cxb2 28.
Qxb2 Rb8 29. Rbc1 Qd7 30. Qc3 Bc7 31. Qc6 Qxd4+ 32. e3 Qa7 33. Qe6+ Kf8 34. Rc6
Nc5 35. Qf5 Be5 36. Rc1 Nd7 37. Kf2 Nb6 38. R1c5 Qd7 39. Rxb6 Qxf5+ 0-1

[Event "23rd ETCC Open 2021"]
[Site "Catez"]
[Date "2021.11.16"]
[Round "5.71"]
[White "Gretarsson, Helgi Ass"]
[Black "Davis, Lee"]
[Result "1-0"]
[ECO "A65"]
[WhiteElo "2476"]
[BlackElo "1972"]
[Annotator "ChessBase"]
[PlyCount "61"]
[EventDate "2021.11.08"]
[EventType "team-tourn"]
[EventCountry "SLO"]
[SourceTitle "playchess.com"]
[Source "ChessBase"]
[SourceQuality "1"]
[WhiteTeam "Iceland"]
[BlackTeam "Wales"]
[WhiteTeamCountry "ISL"]
[BlackTeamCountry "WLS"]
[TimeControl "40/5400+30:1800+30"]

1. d4 Nf6 2. c4 g6 3. Nc3 Bg7 4. e4 d6 5. f3 O-O 6. Nge2 c5 7. d5 e6 8. Ng3
exd5 9. cxd5 Re8 10. Be2 Na6 11. O-O Nc7 12. a4 b6 13. Bf4 a6 14. Qd2 Rb8 15.
Rfb1 b5 16. axb5 Nxb5 17. Bxb5 axb5 18. b4 cxb4 19. Rxb4 Nd7 20. Rab1 Ne5 21.
Nxb5 Ba6 22. Kh1 Qd7 23. Bxe5 Bxe5 24. Nd4 Rxb4 25. Rxb4 Ra8 26. f4 Bc4 27. Nc2
Qa7 28. h3 Bxf4 29. Qxf4 Qa2 30. Ne3 Bd3 31. Rb7 1-0

[Event "23rd ETCC Open 2021"]
[Site "Catez"]
[Date "2021.11.16"]
[Round "5.72"]
[White "Weatherlake, John P"]
[Black "Kjartansson, Gudmundur"]
[Result "0-1"]
[ECO "B48"]
[WhiteElo "1890"]
[BlackElo "2443"]
[Annotator "NA"]
[PlyCount "57"]
[EventDate "2021.11.08"]
[EventType "team-tourn"]
[EventCountry "SLO"]
[SourceTitle "playchess.com"]
[Source "ChessBase"]
[SourceQuality "1"]
[WhiteTeam "Wales"]
[BlackTeam "Iceland"]
[WhiteTeamCountry "WLS"]
[BlackTeamCountry "ISL"]
[TimeControl "40/5400+30:1800+30"]

1. e4 c5 2. Nf3 Nc6 3. d4 cxd4 4. Nxd4 e6 5. Nc3 Qc7 6. Be3 a6 7. f4 Bb4 8. Qd3
Nf6 9. Bd2 Bxc3 10. bxc3 d5 11. e5 Ne4 12. c4 Nxd2 13. cxd5 Nb4 14. Qxd2 Nxd5
15. c4 Ne7 16. Be2 O-O 17. Qe3 Bd7 18. a4 Rac8 19. O-O Rfd8 20. Qf2 Qa5 21.
Rfb1 Rb8 22. Nf3 Be8 23. Qb6 Nc6 24. Rb3 Rbc8 25. Ng5 Qd2 26. Qf2 Nd4 27. Re3
Nc2 28. Rh3 Nxa1 29. Qh4 0-1

[Event "23rd ETCC Open 2021"]
[Site "Catez"]
[Date "2021.11.16"]
[Round "5.73"]
[White "Bremner, Adam"]
[Black "Kanyamarala, Tarun"]
[Result "0-1"]
[ECO "B73"]
[WhiteElo "2204"]
[BlackElo "2321"]
[Annotator "NA"]
[PlyCount "126"]
[EventDate "2021.11.08"]
[EventType "team-tourn"]
[EventCountry "SLO"]
[SourceTitle "playchess.com"]
[Source "ChessBase"]
[SourceQuality "1"]
[WhiteTeam "Scotland"]
[BlackTeam "Ireland"]
[WhiteTeamCountry "SCO"]
[BlackTeamCountry "IRL"]
[TimeControl "40/5400+30:1800+30"]

1. e4 c5 2. Nf3 Nc6 3. d4 cxd4 4. Nxd4 Nf6 5. Nc3 d6 6. Be2 g6 7. Be3 Bg7 8.
O-O O-O 9. Qd2 Bd7 10. Rfd1 a6 11. a4 Rc8 12. Nb3 Ne5 13. f3 Be6 14. Nd4 Bd7
15. a5 Qc7 16. Na4 Bxa4 17. Rxa4 d5 18. exd5 Nxd5 19. Bf2 Rfd8 20. c3 Qd7 21.
Raa1 Qe8 22. Qe1 Nc4 23. Bxc4 Rxc4 24. Nc2 Rcc8 25. Qe4 Qb5 26. Rab1 Qxa5 27.
c4 Qa4 28. Rxd5 Rxd5 29. b3 Qc6 30. Nb4 Re5 31. Nxc6 Rxe4 32. Na7 Rexc4 33.
bxc4 Rxc4 34. Be3 b5 35. Nxb5 axb5 36. Rxb5 f5 37. Rb7 Bf6 38. Rb1 Rc2 39. Rd1
Be5 40. Re1 Kf7 41. Rd1 Re2 42. Bc5 Rc2 43. Be3 Bd6 44. f4 Re2 45. Bd2 Bc5+ 46.
Kh1 Rf2 47. g3 h6 48. Bc3 Bd6 49. Bd2 Ke6 50. Be3 Re2 51. Bd2 Kd5 52. Bc3+ Ke4
53. Bd4 Kf3 54. Kg1 Rg2+ 55. Kh1 Rc2 56. Kg1 Kg4 57. Re1 g5 58. fxg5 hxg5 59.
Re6 f4 60. gxf4 gxf4 61. Bf2 Kf3 62. Bh4 Bc5+ 63. Kf1 Rxh2 0-1

[Event "23rd ETCC Open 2021"]
[Site "Catez"]
[Date "2021.11.16"]
[Round "5.74"]
[White "Jessel, Stephen"]
[Black "Muir, Andrew J"]
[Result "1/2-1/2"]
[ECO "A13"]
[WhiteElo "2297"]
[BlackElo "2254"]
[Annotator "ChessBase"]
[PlyCount "183"]
[EventDate "2021.11.08"]
[EventType "team-tourn"]
[EventCountry "SLO"]
[SourceTitle "playchess.com"]
[Source "ChessBase"]
[SourceQuality "1"]
[WhiteTeam "Ireland"]
[BlackTeam "Scotland"]
[WhiteTeamCountry "IRL"]
[BlackTeamCountry "SCO"]
[TimeControl "40/5400+30:1800+30"]

1. Nf3 d5 2. c4 e6 3. g3 Nf6 4. Bg2 dxc4 5. Qc2 c5 6. Ne5 Nbd7 7. Nxc4 Nd5 8.
Nc3 N7f6 9. O-O Be7 10. a3 O-O 11. e4 Nc7 12. d3 b5 13. Na5 Bd7 14. Be3 Ng4 15.
Bd2 Na6 16. Ne2 Rc8 17. h3 Ne5 18. f4 Nc6 19. Nxc6 Bxc6 20. Be3 Qd7 21. Rfd1 b4
22. a4 b3 23. Qxb3 Rb8 24. Qc4 Rxb2 25. d4 Qb7 26. d5 Bd7 27. e5 exd5 28. Bxd5
Bc6 29. Nc3 Nb4 30. Bxc6 Qxc6 31. Nd5 Nxd5 32. Qxd5 Qg6 33. Qf3 Rfb8 34. f5 Qb6
35. Rd7 Bf8 36. e6 fxe6 37. f6 Rb1+ 38. Rxb1 Qxb1+ 39. Kg2 Qb2+ 40. Bf2 Qxf6
41. Rxa7 c4 42. Qxf6 gxf6 43. Rc7 Rb4 44. Rc8 Rb2 45. Rxc4 Bb4 46. Rc8+ Bf8 47.
Rc6 Ra2 48. Rxe6 Bc5 49. Rxf6 Bxf2 50. Rxf2 Rxa4 51. Rf4 Ra3 52. Rg4+ Kh8 53.
h4 h6 54. Rg6 Kh7 55. Re6 h5 56. Kf2 Rb3 57. Re3 Rb4 58. Kf3 Kg6 59. Re6+ Kg7
60. Re4 Rb3+ 61. Kf4 Kg6 62. Re6+ Kg7 63. Re3 Rb6 64. Kf5 Rb5+ 65. Re5 Rb3 66.
Kf4 Kg6 67. Re6+ Kg7 68. Re3 Rb6 69. Re5 Kg6 70. Rg5+ Kh6 71. Rg8 Rf6+ 72. Ke4
Rf1 73. Rh8+ Kg6 74. Rg8+ Kh6 75. Rg5 Ra1 76. Rd5 Ra3 77. Rd6+ Kg7 78. Kf4 Ra4+
79. Kf5 Ra5+ 80. Ke4 Ra3 81. Rd3 Ra5 82. Re3 Kg6 83. Kf4 Ra4+ 84. Re4 Ra3 85.
Re6+ Kg7 86. Re5 Kg6 87. Rg5+ Kh6 88. Kf5 Ra5+ 89. Kf6 Ra6+ 90. Kf5 Ra5+ 91.
Kf6 Ra6+ 92. Ke5 1/2-1/2